 Dungeon Crawl Stone Soup version 0.29-a0-414-g5075937ec3 (webtiles) character file.

Game seed: 18291670631734776419

7 trckry the Vexing (level 1, 0/7 HPs)
             Began as a Felid Enchanter on May 15, 2022.
             Slain by a kobold
             ... wielding a +0 whip
              (4 damage)
             ... on level 1 of the Dungeon.
             The game lasted 00:01:36 (567 turns).

trckry the Vexing (Felid Enchanter)                  Turns: 567, Time: 00:01:37

Health: 0/7        AC:  1    Str:  4    XL:     1   Next: 91%
Magic:  4/4        EV: 17    Int: 16    God:
Gold:   7          SH:  0    Dex: 16    Spells: 4/4 levels left
                                        Lives:  0   Deaths: 0

rFire   . . .      SeeInvis +     - Unarmed
rCold   . . .      Faith    .   (shield unavailable)
rNeg    . . .      Spirit   .   (body armour unavailable)
rPois   .          Reflect  .   (helmet unavailable)
rElec   .          Harm     .   (cloak unavailable)
rCorr   .          Rampage  .   (gloves unavailable)
Will    .....                   (boots unavailable)
Stlth   +++.......              (no amulet)
HPRegen 0.02/turn               (no ring)
MPRegen 0.09/turn               (no ring)

@: quick
A: very small, claws 1, fangs 3, see invisible, speed 1, shaggy fur 1, stealthy
paws, no weapons or thrown items, no armour, multi-lived
a: no special abilities


You were on level 1 of the Dungeon.
You visited 1 branch of the dungeon, and saw 1 of its levels.

You collected 7 gold pieces.

Inventory:

Potions
 a - 2 potions of invisibility


   Skills:
 - Level 2.6 Dodging
 - Level 4.0 Stealth
 * Level 1.5 Unarmed Combat
 - Level 2.0 Spellcasting
 * Level 4.8 Hexes


You had 4 spell levels left.
You didn't know any spells.
Your spell library contained the following spells:

 Spells                   Type           Power      Damage    Failure   Level
 Confusing Touch          Hex            17%        N/A       9%          3
 Tukima's Dance           Hex            17%        N/A       9%          3
 Ensorcelled Hibernation  Hex/Ice        18%        N/A       12%         2
 Dazzling Flash           Conj/Hex       18%        N/A       22%         3


Dungeon Overview and Level Annotations

Branches:
Dungeon (1/15)

Altars:


Innate Abilities, Weirdness & Mutations

You have sharp claws.
You have razor-sharp teeth.
You have supernaturally acute eyesight. (SInv)
You cover ground quickly. (Speed+)
You are covered in fur. (AC +1)
Your paws help you pounce on unaware monsters.
You are incapable of wielding weapons or throwing items.
You cannot wear armour.
You gain extra lives every three experience levels.


Message History

The bat completely misses you.
You scratch the bat but do no damage. The bat closely misses you.
The bat closely misses you. The bat barely misses you.
The bat closely misses you.
You closely miss the bat. The bat completely misses you. The bat misses you.
You barely miss the bat. The bat closely misses you.
The bat completely misses you.
You closely miss the bat. Your bite misses the bat.
The bat hits you but does no damage. The bat closely misses you.
The bat misses you.
You scratch the bat.
You kill the bat!
No target in view!
A goblin comes into view.
It is wielding a +0 dagger of distortion.
The goblin shouts!
You hear a shout!
A rat comes into view.
Health restored: 7 You see here a frilled lizard corpse.
A quokka comes into view.
A kobold and a frilled lizard come into view.
You scratch the kobold but do no damage.
The kobold misses you.
You scratch the kobold but do no damage.
The kobold misses you.
You scratch the kobold.
The kobold is heavily wounded.
You scratch the kobold but do no damage.
The kobold is heavily wounded.
The kobold hits you with a +0 whip.
You take 3 damage, and have 4/7 hp.
MASSIVE DAMAGE!!
You barely miss the kobold.
The kobold is heavily wounded.
The kobold misses you.
You scratch the kobold.
The kobold is severely wounded.
The frilled lizard hisses angrily.
The kobold hits you with a +0 whip.
Ouch! That really hurt!
You die...

.............
#............
###..>.......#.
..............#.##
..............#..#
..............##.#
.................#
..............##.##
........>†....##@.#
.........†....##K.#
g...........#####.#
#..........## .#
#.##.#..#### ..
#.........# .l.
#........[# .##
##........# .#
.....†....#


You could see a kobold and a frilled lizard.

Vanquished Creatures
  3 bats (D:1)
  A ball python (D:1)
  2 frilled lizards (D:1)
  A kobold (D:1)
  A rat (D:1)
8 creatures vanquished.

Notes
Turn   | Place    | Note
-------+----------+-------------------------------------------
     0 | D:1      | trckry the Felid Enchanter began the quest for the Orb.
     0 | D:1      | Reached XP level 1. HP: 7/7 MP: 4/4
    59 | D:1      | HP: 1/7 [hobgoblin (2)]
    88 | D:1      | HP: 1/7 [hobgoblin (1)]
   567 | D:1      | Slain by a kobold

Illustrated notes

Levels and vault maps discovered:
D:1:      ncdulo_smallfort, layout_rooms, minmay_statues_item,
          minmay_split_cup_large

Action                   || total
-------------------------++-------
Melee: Unarmed           ||    43
       Bite              ||     7
       Punch             ||     1
 Stab: Sleeping          ||     1
Armor: Skin              ||     5
Dodge: Dodged            ||    56

Table legend: (Time is in decaauts)
 A = Elapsed time spent in this place.
 B = Non-inter-level travel time spent in this place.
 C = Inter-level travel time spent in this place.
 D = Time resting spent in this place.
 E = Time spent auto-exploring this place.
 F = Levels seen in this place.
 G = Mean time per level.
                   A        B        C        D        E       F      G
               +--------+--------+--------+--------+--------+-----+--------+
         Total |    528 |    528 |      0 |      0 |    362 |   1 |  528.0 |
       Dungeon |    528 |    528 |      0 |      0 |    362 |   1 |  528.0 |
               +--------+--------+--------+--------+--------+-----+--------+

Top non-repeatable levels by time:
     D:1: 528 daAuts
